AoeStats
← Sin_Teclado

Arabia

510651349Analyzed
1v1 RM · 17h ago on Oct 2, 2026· 27m 37s· 2 players
Game mode
Random Map
Map size
Tiny (2 player)
Population
200
Speed
Normal
Resources
Standard
Victory
Conquest
Starting age
Dark Age
Ending age
Imperial Age
RankedLock teamsTeams togetherTeam positionsShared explorationLock speedFull tech treeHidden civsTurbo modeCheats
Victory
Defeat
🇲🇽 Spanish · Mexico
1632
+16
🇲🇽 Burgundians · Mexico
1632
-16
Bachicha val
5:34 Double-Bit Axe
8:41 Loom
9:32 Loom
11:50 Feudal Age
17:00 Castle Age
15:54 Horse Collar
17:01 Fletching
18:53 Bodkin Arrow
20:30 Elite Skirmisher
21:21 Padded Archer Armor
Sin_Teclado
0:44 Loom
10:28 Feudal Age
14:25 Castle Age
17:41 Padded Archer Armor
21:08 Town Watch
21:55 Leather Archer Armor
Connection lost

Rejoining the realm…

Still unreachable

The connection could not be restored.

Session expired

The server has moved on; the page needs a fresh start.